 Dungeon Crawl Stone Soup version 0.25-a0-479-g8579842fd4 (webtiles) character file.

Game seed: 7492979332953093454, levelgen mode: deterministic

78 Notrik the Skirmisher (level 4, -4/41 HPs)
             Began as a Hill Orc Fighter on Feb 8, 2020.
             Was an Initiate of Trog.
             Killed by divine providence
             ... invoked by an orc priest
              (16 damage)
             ... on level 3 of the Dungeon.
             The game lasted 00:02:41 (2058 turns).

Notrik the Skirmisher (Hill Orc Fighter)            Turns: 2058, Time: 00:02:42

Health: -4/41      AC:  7    Str: 19    XL:     4   Next: 36%
Magic:  4/4        EV:  7    Int:  8    God:    Trog [......]
Gold:   103        SH:  9    Dex: 10    Spells: 3/3 levels left

rFire    . . .     SeeInvis .   a - +0 war axe
rCold    . . .     Gourm    .   c - +0 shield
rNeg     . . .     Faith    .   b - +0 scale mail
rPois    .         Spirit   .   (no helmet)
rElec    .         Reflect  .   (no cloak)
rCorr    .         Harm     .   (no gloves)
MR       .....                  (no boots)
Stlth    ..........             (no amulet)
HPRegen  0.13/turn              (no ring)
MPRegen  0.09/turn              (no ring)

@: no status effects
A: no striking features
a: Renounce Religion, Convert to Beogh


You were on level 3 of the Dungeon.
You worshipped Trog.
Trog was noncommittal.
You were not hungry.

You visited 1 branch of the dungeon, and saw 3 of its levels.

You collected 103 gold pieces.

Inventory:

Hand Weapons
 a - a +0 war axe (weapon)
Armour
 b - a +0 scale mail (worn)
 c - a +0 shield (worn)
Jewellery
 f - an uncursed ring of fire {unknown}
   (You found it on level 1 of the Dungeon)
 p - an uncursed amulet of the acrobat {unknown}
   (You found it on level 3 of the Dungeon)
Scrolls
 h - a scroll of teleportation {unknown}
 l - a scroll of remove curse {unknown}
 n - a scroll of fear {unknown}
 q - a scroll of noise {unknown}
 r - a scroll of fog {unknown}
 s - a scroll of identify {unknown}
Potions
 d - a potion of might
 g - a potion of lignification {unknown}
 i - a potion of degeneration {unknown}
 j - 2 potions of haste {unknown}
 k - a potion of cancellation {unknown}
 m - a potion of brilliance {unknown}
 o - a potion of ambrosia {unknown}
Comestibles
 e - 5 rations {!d}


   Skills:
 * Level 4.8 Fighting
 + Level 3.5 Axes
 + Level 3.8 Armour
 + Level 3.8 Shields


You had 3 spell levels left.
You didn't know any spells.
Your spell library was empty.

Dungeon Overview and Level Annotations

Branches:
Dungeon (3/15)

Altars:
Trog
Zin


Message History

No target in view!
No target in view!
No target in view!
No target in view!
No target in view!
No target in view!
No target in view!
No target in view!
No target in view!
No target in view!
No target in view!
No target in view!
No target in view!
e - 5 rations {!d} (gained 1)
An orc priest comes into view. It is wielding a +0 club.
The orc priest shouts, "Surrender to Beogh and we'll let you live!" (press Y on the ability menu to convert to Beogh)
The orc priest shouts!
You hear a shout! x2
An orc comes into view.
You see here a whip.
A hobgoblin comes into view.
The orc priest looks satisfied for a moment.
The orc priest invokes the aid of Beogh against you.
Beogh smites you! The hobgoblin hits you.
You barely miss the hobgoblin. You block the hobgoblin's attack.
Your shield prevents you from hitting the hobgoblin.
The hobgoblin hits you but does no damage.
You barely miss the hobgoblin.
The orc priest mumbles some strange prayers to Beogh against you.
Beogh smites you!
* * * LOW HITPOINT WARNING * * *
The hobgoblin hits you.
* * * LOW HITPOINT WARNING * * *
The orc hits you but does no damage. You block the hobgoblin's attack.
Okay, then.
You hit the orc but do no damage.
Your shield and scale mail prevent you from hitting the hobgoblin.
The orc barely misses you.
The orc priest casts a cantrip, but nothing happens.
The hobgoblin barely misses you.
You slash the orc!
You kill the orc!
Trog accepts your kill.
You hit the hobgoblin.
You kill the hobgoblin!
Trog accepts your kill.
The orc priest mumbles some strange prayers to Beogh against you.
Beogh smites you!
You die...

........#.##.#####...#..#.#
...........................
. ......#.##.####..)###.#.#.
............................
.... .#.............###.....
.... #.#.##.####...# ...
...####.#.##)# #...# .
.........((..# ##...###..
...#.##(#....###@o.....).
...#.##.#.##.............
........#.##.##...........
#..#.##.#.##.##.....##....
#....##.#.#...'.....''....
..........#..##.....##....
#.#...#.###..##.....# ..
#.##..#.###..##.....# .
.............##.....#


You could see an orc priest.

Vanquished Creatures
  2 adders (D:2)
  An ooze (D:3)
  A worm (D:3)
  A dart slug (D:1)
  2 leopard geckos (D:1)
  An orc (D:3)
  4 giant cockroaches
  4 goblins
  4 hobgoblins
  6 jackals
  7 kobolds
  2 ball pythons
  4 bats
  A frilled lizard (D:2)
  6 rats
46 creatures vanquished.

Notes
Turn   | Place    | Note
-------+----------+-------------------------------------------
     0 | D:1      | Notrik the Hill Orc Fighter began the quest for the Orb.
     0 | D:1      | Reached XP level 1. HP: 19/19 MP: 1/1
    97 | D:1      | Reached XP level 2. HP: 27/27 MP: 2/2
   133 | D:1      | Reached skill level 4 in Fighting
   306 | D:1      | Reached XP level 3. HP: 31/33 MP: 3/3
  1150 | D:2      | Reached XP level 4. HP: 41/41 MP: 4/4
  1193 | D:2      | Found a bloodstained altar of Trog.
  1349 | D:2      | Became a worshipper of Trog the Wrathful
  1900 | D:3      | Found a glowing silver altar of Zin.
  2058 | D:3      | Killed from afar by an orc priest

Levels and vault maps discovered:
D:1:      psy_arrival_dodecagon, layout_rooms
D:2:      layout_rooms, lemuel_doored_altar, first_ration,
          minmay_misc_feat_tower
D:3:      layout_basic, lemuel_crystal_altar

Skill      XL: |  1  2 |
---------------+-------+-----
Fighting       | 4 |  4.8
Axes           | 3 |  3.5
Armour         | |  3.8
Shields        | |  3.8

Action                   |  1- 3 |  4- 6 || total
-------------------------+-------+-------++-------
Melee: War axe           |   137 |    37 ||   174
  Eat: Chunk             |     1 |     1 ||     2
       Ration            |       |     1 ||     1
Armor: Scale mail        |    79 |    15 ||    94
Dodge: Dodged            |    52 |    12 ||    64
Block: Shield            |    81 |    17 ||    98

Table legend:
 A = Non-vault XP
 B = Vault XP
 C = Vault XP percentage of total XP
 D = Non-vault monster count
 E = Vault monster count
 F = Vault count percentage of total count
                 A         B        C        D         E       F
            +---------+---------+-------+---------+---------+-------
      Total |     112 |       0 |   0.0 |      46 |       0 |   0.0
            +---------+---------+-------+---------+---------+-------
        D:1 |      42 |       0 |   0.0 |      23 |       0 |   0.0
        D:2 |      40 |       0 |   0.0 |      11 |       0 |   0.0
        D:3 |      30 |       0 |   0.0 |      12 |       0 |   0.0
            +---------+---------+-------+---------+---------+-------
